cohdb
Replays
Latest Replays
All Replays
Popular Replays
Top Player Replays
Match Explorer
How It Works
Community
CoH3 Stats
Reddit
Sign in to upload your games and track your stats! →
Sign in with Steam
Match 39778654
Unlisted
Match 39778654
Overview
Messages
Build Orders
End
Construct Infanterie Kompanie
Kettenkrad Recon Vehicle
MG 42 Machine Gun Team
Grenadier Squad
MG 42 Machine Gun Team
Grenadier Squad
Construct Luftwaffe Kompanie
221 Scout Car
Selects Mechanized Battlegroup
Selects Raid Package
Flak 30 Anti-aircraft Gun Team
Jäger Squad
Selects StuG Assault Group
Jäger Squad
StuG Assault Group
Construct Panzer Kompanie
Selects UNKNOWN (2160084)
Selects Mobile Repair Stations
Selects Wespe Self-propelled Artillery
Panther Heavy Tank
Selects Mechanized Assault
Pin0kyo
sharpshooter
SMOKO
ZuluKobra
0
0
Comments
sign in to comment!
No comments posted yet!